 Dungeon Crawl Stone Soup version 0.30-a0-924-g0ad0bf95bc (webtiles) character file.

Game seed: 16138590309634265049

202 IdlyInterested the Cudgeller (level 5, -7/41 HPs)
             Began as a Demonspawn Gladiator on Mar 22, 2023.
             Killed by divine providence
             ... invoked by an orc priest
              (13 damage)
             ... on level 3 of the Dungeon.
             The game lasted 00:05:18 (2815 turns).

IdlyInterested the Cudgeller (Demonspawn Gladiator) Turns: 2815, Time: 00:05:19

Health: -7/41      AC: 10    Str: 16    XL:     5   Next: 50%
Magic:  5/5        EV: 12    Int: 10    God:
Gold:   89         SH:  4    Dex: 14    Spells: 4/4 levels left

rFire   . . .      SeeInvis .    a - +0 flail
rCold   . . .      Faith    .    (no shield)
rNeg    . . .      Spirit   .    b - +0 leather armour
rPois   .          Reflect  .    c - +0 helmet
rElec   .          Rampage  .    (no cloak)
rCorr   .                        (no gloves)
Will    .....                    (no boots)
Stlth   +                        (no amulet)
HPRegen 0.26/turn                (no ring)
MPRegen 0.09/turn                (no ring)

@: sanguine armoured
A: sanguine armour 1, condensation shield
a: no special abilities


You were on level 3 of the Dungeon.
You visited 1 branch of the dungeon, and saw 3 of its levels.

You collected 89 gold pieces.

Inventory:

Hand Weapons
 a - a +0 flail (weapon)
Missiles
 d - 3 throwing nets
 e - a javelin
 g - 17 stones (quivered)
 n - 2 poisoned darts
Armour
 b - a +0 leather armour (worn)
 c - a +0 helmet (worn)
Wands
 l - a wand of polymorph (10)
Scrolls
 k - a scroll of immolation
Potions
 f - a potion of brilliance
 h - a potion of ambrosia {unknown}
 i - a potion of might
 j - a potion of attraction
 m - a potion of magic {unknown}


   Skills:
 * Level 3.3 Fighting
 * Level 4.3 Maces & Flails
 - Level 2.2 Throwing
 - Level 2.0 Armour
 - Level 2.6 Dodging


You had 4 spell levels left.
You didn't know any spells.
Your spell library contained the following spells:

 Spells                   Type           Power      Damage    Failure   Level
 Necrotise                Necr           0%         1d4       43%         1
 Vampiric Draining        Necr           0%         2d6       80%         3
 Cause Fear               Hex            0%         N/A       99%         4
 Agony                    Necr           0%         N/A       100%        5
 Dragon Form              Tmut           0%         N/A       100%        7
 Dragon's Call            Summ           0%         N/A       100%        9


Dungeon Overview and Level Annotations

Branches:
Dungeon (3/15)

Altars:
Cheibriados


Innate Abilities, Weirdness & Mutations

When seriously injured, your blood forms armour. (AC +6)
A meltable shield of frost defends you. (SH +4)


Message History

You hit the orc priest.
The orc priest is moderately wounded.
The orc priest hits you with a +0 dagger.
The orc closely misses you.
You hit the orc priest.
The orc priest is almost dead.
The orc priest miscasts a cantrip.
The orc barely misses you.
You hit the orc priest but do no damage.
The orc priest is almost dead.
The orc priest closely misses you. You block the orc's attack.
You closely miss the orc priest.
You punch the orc priest, but do no damage.
The orc priest is almost dead.
The orc misses you.
The orc priest hits you but does no damage.
The orc hits you but does no damage.
The orc priest mumbles some strange prayers to Beogh against you.
Pain shoots through your body!
You barely miss the orc priest.
The orc priest is almost dead.
The orc priest calls down the wrath of Beogh upon you.
Pain shoots through your body!
* * * LOW HITPOINT WARNING * * *
The orc hits you with a +0 hand axe.
* * * LOW HITPOINT WARNING * * *
You closely miss the orc priest.
The orc priest is almost dead.
The orc priest hits you with a +0 dagger.
* * * LOW HITPOINT WARNING * * *
The orc closely misses you.
You barely miss the orc priest. Your punch misses the orc priest.
The orc priest is almost dead.
The orc priest barely misses you. The orc hits you with a +0 hand axe.
* * * LOW HITPOINT WARNING * * *
You barely miss the orc priest.
The orc priest is almost dead.
The orc priest invokes the aid of Beogh against you.
Beogh smites you!
You die...

##### ########.#.
##...## .. ...
#.....####.## .#.
#............ .#. #####
#.....####.## # .#
....#####...## ##.###.#
.#
###.##...#.#####......#
....................$.#
###.##...#######@)....#
#.###.## #oo..:.# ###.#
#.# #......# ..... ...
#.#.##.# ##..######
#.#.# # #..# #.... #..#
#.. ## ##..# #.. ....#


You could see an orc priest and an orc.

Vanquished Creatures
  An orc priest (D:3)
  4 gnolls (D:3)
  8 adders (D:2)
  A worm (D:2)
  2 dart slugs
  5 ball pythons
  7 endoplasms
  4 giant cockroaches
  4 goblins
  A hobgoblin (D:1)
  3 jackals (D:1)
  2 kobolds
  A quokka (D:1)
  5 bats
  3 frilled lizards
  12 rats
63 creatures vanquished.

Notes
Turn   | Place    | Note
-------+----------+-------------------------------------------
     0 | D:1      | IdlyInterested the Demonspawn Gladiator began the quest for
                  | the Orb.
     0 | D:1      | Reached XP level 1. HP: 16/16 MP: 1/1
   123 | D:1      | Reached skill level 3 in Maces & Flails
   123 | D:1      | Gained mutation: A meltable shield of frost defends you.
                  | (SH +4) [demonic ancestry]
   123 | D:1      | Reached XP level 2. HP: 22/22 MP: 2/2
   152 | D:1      | Reached skill level 1 in Armour
   740 | D:1      | Gained mutation: When seriously injured, your blood forms
                  | armour. (AC +6) [demonic ancestry]
   740 | D:1      | Reached XP level 3. HP: 21/27 MP: 3/3
  1349 | D:2      | Reached XP level 4. HP: 30/33 MP: 4/4
  1506 | D:2      | Found a snail-covered altar of Cheibriados.
  2361 | D:2      | Reached skill level 4 in Maces & Flails
  2590 | D:3      | Reached XP level 5. HP: 20/40 MP: 5/5
  2815 | D:3      | Killed from afar by an orc priest

Illustrated notes

Levels and vault maps discovered:
D:1:      minmay_arrival_doors, layout_basic, serial_aquarium,
          aquarium_bridge_square [aquarium_subvault_balcony,
          aquarium_subvault_bridge, aquarium_subvault_bridge,
          aquarium_subvault_balcony], aquarium_bridge_square
          [aquarium_subvault_bridge, aquarium_subvault_window,
          aquarium_subvault_balcony, aquarium_subvault_window],
          aquarium_window_corridor_1, aquarium_window_fake, aquarium_window_2,
          aquarium_view_2c, aquarium_view_2a
D:2:      minmay_chambers_of_ones, layout_basic, basic_altar
D:3:      layout_loops_ring, uniq_sigmund

Skill      XL: |  1  2  3  4  5 |
---------------+----------------+-----
Maces & Flails | 3 4 |  4.3
Armour         | 1 2 |  2.0
Throwing       | 2 |  2.2
Fighting       | 3 |  3.3
Dodging        | |  2.6

Action                     |  1- 3 |  4- 6 || total
---------------------------+-------+-------++-------
  Melee: Flail             |    96 |   127 ||   223
         Punch             |     1 |     1 ||     2
  Throw: Javelin           |       |     1 ||     1
    Use: Scroll            |     3 |     3 ||     6
         Potion            |     1 |     2 ||     3
   Stab: Sleeping          |     1 |       ||     1
 Armour: Leather armour    |    35 |    43 ||    78
  Dodge: Dodged            |    67 |    86 ||   153
  Block: Other             |    14 |    32 ||    46

Table legend: (Time is in decaauts)
 A = Elapsed time spent in this place.
 B = Non-inter-level travel time spent in this place.
 C = Inter-level travel time spent in this place.
 D = Time resting spent in this place.
 E = Time spent auto-exploring this place.
 F = Levels seen in this place.
 G = Mean time per level.
                   A        B        C        D        E       F      G
               +--------+--------+--------+--------+--------+-----+--------+
         Total |   2865 |   2358 |    507 |    226 |   1536 |   3 |  955.0 |
       Dungeon |   2865 |   2358 |    507 |    226 |   1536 |   3 |  955.0 |
               +--------+--------+--------+--------+--------+-----+--------+

Top non-repeatable levels by time:
     D:1: 1332 daAuts
     D:2: 1139 daAuts
     D:3: 392 daAuts
